3AA
FT. POLK SOUTH THUNDER HAWKS @ WESTWOOD SIXSHOOTERS
07/29/2024
 
TOP OF THE 1ST
Ft. Polk South Thunder Hawks batting - Pitching for Westwood Sixshooters : RHP José Gutiérrez
Pitching: RHP José Gutiérrez
Batting: RHB Pablo Marrero 0-0: Ball
1-0: Ground out 5-3 (Groundball, 5S)
Batting: RHB Ramón Valdéz 0-0: Ball
1-0: Called Strike
1-1: Swinging Strike
1-2: Strikes out swinging
Batting: RHB Keith Bane 0-0: Fly out, F8 (Line Drive, 8LM)
Top of the 1st over - 0 run(s), 0 hit(s), 0 error(s), 0 left on base; Ft. Polk South 0 - Westwood 0
BOTTOM OF THE 1ST
Westwood Sixshooters batting - Pitching for Ft. Polk South Thunder Hawks : RHP Bernardino Neagle
Pitching: RHP Bernardino Neagle
Batting: RHB Jesús Vargas 0-0: Foul Ball, location: 2F
0-1: Ball
1-1: Ball
2-1: Called Strike
2-2: Ground out 5-3 (Groundball, 5S)
Batting: RHB Jorge Morales 0-0: Hit by Pitch
Batting: LHB Davis Mills 0-0: Ball
1-0: Ball
2-0: Ball
3-0: Called Strike
3-1: Base on Balls
Jorge Morales to second
Batting: RHB Gary Chalmers 0-0: Ball
1-0: Ball
2-0: Ball
3-0: Base on Balls
Jorge Morales to third
Davis Mills to second
Batting: LHB José Martínez 0-0: Ball
1-0: Called Strike
1-1: Ball
2-1: Grounds into double play, 4-6-3 (Groundball, 4)
Bottom of the 1st over - 0 run(s), 0 hit(s), 0 error(s), 2 left on base; Ft. Polk South 0 - Westwood 0
TOP OF THE 2ND
Ft. Polk South Thunder Hawks batting - Pitching for Westwood Sixshooters : RHP José Gutiérrez
Batting: RHB Robbie Chambers 0-0: Ball
1-0: Ball
2-0: Foul Ball, location: 2F
2-1: Foul Ball, location: 2F
2-2: Foul Ball, location: 2F
2-2: Ball
3-2: Fly out, F3 (Popup, 3DF)
Batting: LHB Bryan Gregg 0-0: Called Strike
0-1: Ball
1-1: DOUBLE (Flyball, 9D)
Batting: LHB Tom Benjamin 0-0: Ball
1-0: Ball
2-0: Called Strike
2-1: Foul Ball, location: 2F
2-2: Foul Ball, location: 2F
2-2: Ball
3-2: Foul Ball, location: 2F
3-2: Base on Balls
Batting: RHB Héctor López Reached via error on a dropped throw, E3
Bryan Gregg to third
Tom Benjamin to second
Batting: RHB Jim Unknown 0-0: Ball
1-0: Grounds into fielders choice 1-2 (Groundball, 15)
Tom Benjamin to third
Héctor López to second
Batting: RHB Jack Peck 0-0: Called Strike
0-1: Ball
1-1: Ball
2-1: Called Strike
2-2: SINGLE (Line Drive, 56)
Tom Benjamin scores
Héctor López to third
Jim Unknown to second
Runner from 3rd tries for Home, SAFE, no throw or cutoff
Batting: RHB Pablo Marrero 0-0: Ball
1-0: Called Strike
1-1: Swinging Strike
1-2: Fly out, F4 (Popup, 4M)
Top of the 2nd over - 2 run(s), 2 hit(s), 1 error(s), 2 left on base; Ft. Polk South 2 - Westwood 0
BOTTOM OF THE 2ND
Westwood Sixshooters batting - Pitching for Ft. Polk South Thunder Hawks : RHP Bernardino Neagle
Batting: RHB Aurelio García 0-0: Ball
1-0: Ball
2-0: Foul Ball, location: 2F
2-1: Ball
3-1: Foul Ball, location: 2F
3-2: Base on Balls
Batting: RHB Barnett Armstrong 0-0: Called Strike
0-1: Ball
1-1: Foul Ball, location: 2F
1-2: Ball
2-2: Ball
3-2: Base on Balls
Aurelio García to second
Batting: RHB Nelson Abbey 0-0: Ball
1-0: Swinging Strike
1-1: Ball
2-1: DOUBLE (Line Drive, 78M)
Aurelio García scores
Barnett Armstrong to third
Batting: RHB Bert Motevassel 0-0: Swinging Strike
0-1: Called Strike
0-2: Ball
1-2: Ball
2-2: Strikes out swinging
Batting: RHB Jesús Vargas 0-0: Called Strike
0-1: Ball
1-1: Ball
2-1: Foul Ball, location: 2F
2-2: Fly out, F7 (Flyball, 7M)
Runner from 3rd tags up, SCORES, throw made
Batting: RHB Jorge Morales 0-0: Swinging Strike
0-1: Foul Ball, location: 2F
0-2: Foul Ball, location: 2F
0-2: Ball
1-2: Ball
2-2: Ball
3-2: Fly out, F9 (Flyball, 89M)
Bottom of the 2nd over - 2 run(s), 1 hit(s), 0 error(s), 1 left on base; Ft. Polk South 2 - Westwood 2
TOP OF THE 3RD
Ft. Polk South Thunder Hawks batting - Pitching for Westwood Sixshooters : RHP José Gutiérrez
Batting: RHB Ramón Valdéz 0-0: Swinging Strike
0-1: Called Strike
0-2: Strikes out looking
Batting: RHB Keith Bane 0-0: Ball
1-0: SINGLE (Groundball, 34D)
Batting: RHB Robbie Chambers 0-0: Ball
1-0: Ball
2-0: Called Strike
2-1: Swinging Strike
2-2: Ball
3-2: Strikes out looking
Batting: LHB Bryan Gregg 0-0: Called Strike
0-1: Ball
1-1: Ball
2-1: Fly out, F6 (Popup, 6M)
Top of the 3rd over - 0 run(s), 1 hit(s), 0 error(s), 1 left on base; Ft. Polk South 2 - Westwood 2
BOTTOM OF THE 3RD
Westwood Sixshooters batting - Pitching for Ft. Polk South Thunder Hawks : RHP Bernardino Neagle
Batting: LHB Davis Mills 0-0: Called Strike
0-1: Ball
1-1: Swinging Strike
1-2: Ground out U3 (Groundball, 3)
Batting: RHB Gary Chalmers 0-0: DOUBLE (Flyball, 9M)
Batting: LHB José Martínez 0-0: Ball
1-0: Swinging Strike
1-1: Ball
2-1: Fly out, F8 (Flyball, 8LM)
Batting: RHB Aurelio García 0-0: Ball
1-0: Ball
2-0: Ball
3-0: Called Strike
3-1: Called Strike
3-2: Base on Balls
Batting: RHB Barnett Armstrong 0-0: Called Strike
0-1: Foul Ball, location: 2F
0-2: Ground out 6-3 (Groundball, 6)
Bottom of the 3rd over - 0 run(s), 1 hit(s), 0 error(s), 2 left on base; Ft. Polk South 2 - Westwood 2
TOP OF THE 4TH
Ft. Polk South Thunder Hawks batting - Pitching for Westwood Sixshooters : RHP José Gutiérrez
Batting: LHB Tom Benjamin 0-0: Called Strike
0-1: Swinging Strike
0-2: Ball
1-2: Foul Ball, location: 2F
1-2: Strikes out looking
Batting: RHB Héctor López 0-0: Ball
1-0: Ball
2-0: Called Strike
2-1: Swinging Strike
2-2: Fly out, F8 (Flyball, 8LM)
Batting: RHB Jim Unknown 0-0: Foul Ball, location: 2F
0-1: Foul Ball, location: 2F
0-2: SINGLE (Line Drive, 8LS)
Batting: RHB Jack Peck 0-0: Ball
1-0: Foul Ball, location: 2F
1-1: Ball
2-1: Ball
3-1: Foul Ball, location: 2F
3-2: Fly out, F9 (Line Drive, 9LM)
Top of the 4th over - 0 run(s), 1 hit(s), 0 error(s), 1 left on base; Ft. Polk South 2 - Westwood 2
BOTTOM OF THE 4TH
Westwood Sixshooters batting - Pitching for Ft. Polk South Thunder Hawks : RHP Bernardino Neagle
Batting: RHB Nelson Abbey 0-0: Called Strike
0-1: Foul Ball, location: 2F
0-2: Ball
1-2: Ball
2-2: Foul Ball, location: 2F
2-2: Foul Ball, location: 2F
2-2: Ball
3-2: SINGLE (Line Drive, 78S)
Batting: RHB Bert Motevassel 0-0: Ball
1-0: SINGLE (Groundball, 56D) (infield hit)
Nelson Abbey to second
Batting: RHB Jesús Vargas 0-0: Ball
1-0: Called Strike
1-1: Swinging Strike
1-2: Ball
2-2: Ball
3-2: Base on Balls
Nelson Abbey to third
Bert Motevassel to second
Batting: RHB Jorge Morales 0-0: Called Strike
0-1: Ball
1-1: Fly out, F7 (Line Drive, 7S)
Batting: LHB Davis Mills 0-0: Fly out, F8 (Flyball, 8LM)
Runner from 3rd tags up, SCORES, no throw
Batting: RHB Gary Chalmers 0-0: Ground out U3 (Groundball, 3S)
Bottom of the 4th over - 1 run(s), 2 hit(s), 0 error(s), 2 left on base; Ft. Polk South 2 - Westwood 3
TOP OF THE 5TH
Ft. Polk South Thunder Hawks batting - Pitching for Westwood Sixshooters : RHP José Gutiérrez
Batting: RHB Pablo Marrero 0-0: Ball
1-0: Ground out 4-3 (Groundball, 4M)
Batting: RHB Ramón Valdéz 0-0: Called Strike
0-1: Fly out, F7 (Flyball, 7M)
Batting: RHB Keith Bane 0-0: Ball
1-0: SINGLE (Line Drive, 6MD)
Batting: RHB Robbie Chambers 0-0: Called Strike
0-1: Ball
1-1: Fielders Choice at 2nd, 6-4 (Groundball, 6MS)
Top of the 5th over - 0 run(s), 1 hit(s), 0 error(s), 0 left on base; Ft. Polk South 2 - Westwood 3
BOTTOM OF THE 5TH
Westwood Sixshooters batting - Pitching for Ft. Polk South Thunder Hawks : RHP Bernardino Neagle
Batting: LHB José Martínez 0-0: Ground out 6-3 (Groundball, 6M)
Batting: RHB Aurelio García 0-0: Ball
1-0: SOLO HOME RUN (Flyball, 7D), Distance : 387 ft
Batting: RHB Barnett Armstrong 0-0: Called Strike
0-1: Called Strike
0-2: Strikes out swinging
Batting: RHB Nelson Abbey 0-0: SINGLE (Groundball, 34S)
Batting: RHB Bert Motevassel 0-0: Ball
Wild Pitch!
Nelson Abbey to second
1-0: Fly out, F9 (Flyball, 89M)
Bottom of the 5th over - 1 run(s), 2 hit(s), 0 error(s), 1 left on base; Ft. Polk South 2 - Westwood 4
TOP OF THE 6TH
Ft. Polk South Thunder Hawks batting - Pitching for Westwood Sixshooters : RHP José Gutiérrez
Pitching: RHP Kevin Samuels
Batting: LHB Bryan Gregg 0-0: Swinging Strike
0-1: Foul Ball, location: 2F
0-2: Ball
1-2: Strikes out swinging
Batting: LHB Tom Benjamin 0-0: Foul Ball, location: 2F
0-1: Swinging Strike
0-2: Ball
1-2: Ball
2-2: Ball
3-2: Foul Ball, location: 2F
3-2: Ground out 4-3 (Groundball, 4)
Batting: RHB Héctor López 0-0: Fly out, F4 (Popup, 34D)
Top of the 6th over - 0 run(s), 0 hit(s), 0 error(s), 0 left on base; Ft. Polk South 2 - Westwood 4
BOTTOM OF THE 6TH
Westwood Sixshooters batting - Pitching for Ft. Polk South Thunder Hawks : RHP Bernardino Neagle
Batting: RHB Jesús Vargas 0-0: Called Strike
0-1: Foul Ball, location: 2F
0-2: Strikes out swinging
Batting: RHB Jorge Morales 0-0: Ball
1-0: Foul Ball, location: 2F
1-1: Foul Ball, location: 2F
1-2: Ball
2-2: Foul Ball, location: 2F
2-2: Hit by Pitch
Pitching: RHP Júlio Palácios
Batting: LHB Davis Mills 0-0: Called Strike
0-1: Foul Ball, location: 2F
0-2: Strikes out swinging
Batting: RHB Gary Chalmers 0-0: Ball
1-0: Fly out, F7 (Line Drive, 7S)
Bottom of the 6th over - 0 run(s), 0 hit(s), 0 error(s), 1 left on base; Ft. Polk South 2 - Westwood 4
TOP OF THE 7TH
Ft. Polk South Thunder Hawks batting - Pitching for Westwood Sixshooters : RHP Kevin Samuels
Batting: RHB Jim Unknown 0-0: Called Strike
0-1: Ball
1-1: Swinging Strike
1-2: Strikes out swinging
Batting: RHB Jack Peck 0-0: Ball
1-0: Foul Ball, location: 2F
1-1: SOLO HOME RUN (Flyball, 9LD), Distance : 353 ft
Batting: RHB Pablo Marrero 0-0: Fly out, F8 (Flyball, 8LM)
Batting: RHB Ramón Valdéz 0-0: Called Strike
0-1: Ball
1-1: SINGLE (Groundball, 6D)
Batting: RHB Keith Bane 0-0: Swinging Strike
0-1: Fly out, F9 (Line Drive, 9M)
Top of the 7th over - 1 run(s), 2 hit(s), 0 error(s), 1 left on base; Ft. Polk South 3 - Westwood 4
BOTTOM OF THE 7TH
Westwood Sixshooters batting - Pitching for Ft. Polk South Thunder Hawks : RHP Júlio Palácios
Batting: LHB José Martínez 0-0: Called Strike
0-1: Ball
1-1: Foul Ball, location: 2F
1-2: Ball
2-2: Ball
3-2: Base on Balls
Batting: RHB Aurelio García 0-0: Bunted foul
0-1: Sac Bunt - play at second, runner OUT! 3-6
Pinch Hitting: SHB Bob Rogers 0-0: Ball
Aurelio García is caught stealing 2nd base
1-0: Ball
2-0: Foul Ball, location: 2F
2-1: Ball
3-1: Called Strike
3-2: Strikes out swinging
Bottom of the 7th over - 0 run(s), 0 hit(s), 0 error(s), 0 left on base; Ft. Polk South 3 - Westwood 4
TOP OF THE 8TH
Ft. Polk South Thunder Hawks batting - Pitching for Westwood Sixshooters : RHP Kevin Samuels
Now at 2B: Winston Sparks
Batting: RHB Robbie Chambers 0-0: Called Strike
0-1: Foul Ball, location: 2F
0-2: Ball
1-2: SINGLE (Line Drive, 89S)
Batting: LHB Bryan Gregg 0-0: SINGLE (Line Drive, 8RS)
Robbie Chambers to second
Batting: LHB Tom Benjamin 0-0: Ball
1-0: Called Strike
1-1: Bunted foul
1-2: 3-RUN HOME RUN (Flyball, 8RXD) (Inside the Park)
Pitching: RHP Alfonso Garza
Batting: RHB Héctor López 0-0: Foul Ball, location: 2F
0-1: Ball
1-1: Ball
2-1: Ground out 5-3 (Groundball, 56)
Batting: RHB Jim Unknown 0-0: Fly out, F7 (Line Drive, 78M)
Batting: RHB Jack Peck 0-0: Ball
1-0: Called Strike
1-1: Called Strike
1-2: Ball
2-2: Foul Ball, location: 2F
2-2: Ball
3-2: Strikes out swinging
Top of the 8th over - 3 run(s), 3 hit(s), 0 error(s), 0 left on base; Ft. Polk South 6 - Westwood 4
BOTTOM OF THE 8TH
Westwood Sixshooters batting - Pitching for Ft. Polk South Thunder Hawks : RHP Júlio Palácios
Batting: RHB Nelson Abbey 0-0: Called Strike
0-1: Ground out 6-3 (Groundball, 6)
Batting: RHB Bert Motevassel 0-0: Foul Ball, location: 2F
0-1: Swinging Strike
0-2: Ball
1-2: Strikes out swinging
Batting: RHB Jesús Vargas 0-0: Called Strike
0-1: Swinging Strike
0-2: Ball
1-2: Ball
2-2: Strikes out swinging
Bottom of the 8th over - 0 run(s), 0 hit(s), 0 error(s), 0 left on base; Ft. Polk South 6 - Westwood 4
TOP OF THE 9TH
Ft. Polk South Thunder Hawks batting - Pitching for Westwood Sixshooters : RHP Alfonso Garza
Batting: RHB Pablo Marrero 0-0: Called Strike
0-1: Foul Ball, location: 2F
0-2: Fly out, F8 (Flyball, 8RXD)
Batting: RHB Ramón Valdéz 0-0: Called Strike
0-1: Ball
1-1: Fly out, F9 (Flyball, 89M)
Batting: RHB Keith Bane 0-0: Ball
1-0: Swinging Strike
1-1: Called Strike
1-2: Strikes out looking
Top of the 9th over - 0 run(s), 0 hit(s), 0 error(s), 0 left on base; Ft. Polk South 6 - Westwood 4
BOTTOM OF THE 9TH
Westwood Sixshooters batting - Pitching for Ft. Polk South Thunder Hawks : RHP Júlio Palácios
Pitching: RHP Jim Unknown
Batting: RHB Jorge Morales 0-0: Called Strike
0-1: Ball
1-1: SINGLE (Flyball, 89S)
Batting: LHB Davis Mills 0-0: Foul Ball, location: 2F
0-1: Foul Ball, location: 2F
0-2: Ball
1-2: Strikes out swinging
Batting: RHB Gary Chalmers 0-0: Grounds into double play, 6-4-3 (Groundball, 6M)
Bottom of the 9th over - 0 run(s), 1 hit(s), 0 error(s), 0 left on base; Ft. Polk South 6 - Westwood 4
This league is powered by Out of the Park Baseball, the baseball management simulation game for PC, Mac and Linux
Monday, October 3rd, 2016 - OOTP Baseball 16.9 Build 39